 Dungeon Crawl Stone Soup version 0.31-a0-743-g45f7035092 (webtiles) character file.

Game seed: 9250483092390164885

30 pokeman the Magician (level 3, 0/20 HPs)
             Began as a Deep Elf Hedge Wizard on Sept 13, 2023.
             Slain by a gnoll
             ... wielding a +0 club
              (6 damage)
             ... on level 1 of the Dungeon.
             The game lasted 00:01:35 (1367 turns).

pokeman the Magician (Deep Elf Hedge Wizard)        Turns: 1367, Time: 00:01:35

Health: 0/20       AC:  2    Str:  7    XL:     3   Next: 3%
Magic:  4/11       EV: 12    Int: 20    God:
Gold:   28         SH:  0    Dex: 14    Spells: 4/12 levels left

rFire   . . .        a - +0 dagger
rCold   . . .        (no shield)
rNeg    . . .        b - +0 robe
rPois   .            c - +0 hat
rElec   .            (no cloak)
rCorr   .            (no gloves)
SInv    .            (no boots)
Will    .....        (no amulet)
Stlth   ++           (no ring)
HPRegen 0.23/turn    (no ring)
MPRegen 0.12/turn

%: no passive effects
@: no status effects
A: no striking features
a: no special abilities


You were on level 1 of the Dungeon.
You visited 1 branch of the dungeon, and saw 1 of its levels.

You collected 28 gold pieces.

Inventory:

Hand Weapons
 a - a +0 dagger (weapon)
Missiles
 k - 6 poisoned darts
Armour
 b - a +0 robe (worn)
 c - a +0 hat (worn)
 h - a +2 buckler
Scrolls
 g - a scroll of torment {unknown}
 i - 2 scrolls of vulnerability {unknown}
 j - a scroll of fear {unknown}
 l - a scroll of enchant armour {unknown}
Potions
 d - a potion of magic
 e - a potion of brilliance {unknown}
 f - a potion of mutation {unknown}


   Skills:
 + Level 0.7 Fighting
 + Level 0.7 Armour
 - Level 2.4 Dodging
 - Level 2.4 Stealth
 * Level 5.1 Spellcasting
 + Level 1.7 Conjurations
 - Level 1.1 Summonings
 - Level 1.1 Translocations


You had 4 spell levels left.
You knew the following spells:

 Your Spells              Type           Power      Damage    Failure   Level
a - Magic Dart            Conj           44%        1d5       6%          1
b - Mephitic Cloud        Conj/Pois/Air  7%         N/A       26%         3
c - Call Imp              Summ           18%        N/A       11%         2
d - Blink                 Tloc           18%        N/A       11%         2

Your spell library contained the following spells:

 Spells                   Type           Power      Damage    Failure   Level
 Slow                     Hex            20%        N/A       12%         1
 Cigotuvi's Dreadful Rot  Necr/Pois/Air  10%        N/A       17%         2


Dungeon Overview and Level Annotations

Branches:
Dungeon (1/15)

Altars:


Message History

The giant cockroach misses you. The gnoll hits you with a +0 club.
You hit the gnoll but do no damage.
The gnoll is severely wounded.
The giant cockroach misses you. The gnoll barely misses you.
You strike the helpless gnoll from behind!
You hit the gnoll.
The gnoll is almost dead.
The giant cockroach barely misses you. The gnoll misses you.
You hit the gnoll but do no damage.
The gnoll is almost dead.
The giant cockroach barely misses you. The gnoll barely misses you.
You hit the gnoll but do no damage.
The gnoll is almost dead.
The giant cockroach misses you. The gnoll hits you with a +0 club.
You hit the gnoll but do no damage.
The gnoll is almost dead.
The giant cockroach barely misses the gnoll.
The giant cockroach barely misses you. The gnoll hits you with a +0 club.
* * * LOW HITPOINT WARNING * * *
The gnoll completely misses itself.
Unknown command.
Casting: Magic Dart (safe; 6% risk of failure)
Confirm with . or Enter, or press ? or * to list all spells.
Aiming: Magic Dart (safe; 6% risk of failure)
Press: ? - help, Shift-Dir - straight line, f/p - gnoll
Aim: a gnoll, wielding a +0 club, wearing a +0 ring mail and quivering boomerangs (almost dead, confused, 100% to hit)
The magic dart hits the gnoll but does no damage.
The gnoll is almost dead.
The giant cockroach bites the gnoll but does no damage.
Casting: Magic Dart (safe; 6% risk of failure)
Confirm with . or Enter, or press ? or * to list all spells.
Aiming: Magic Dart (safe; 6% risk of failure)
Press: ? - help, Shift-Dir - straight line, f/p - gnoll
Aim: a gnoll, wielding a +0 club, wearing a +0 ring mail and quivering boomerangs (almost dead, confused, 100% to hit)
The magic dart hits the gnoll but does no damage.
The gnoll is almost dead.
The giant cockroach misses you.
The gnoll grins madly.
The gnoll hits you with a +0 club.
You die...

#.# ########.#.#
###########.# #........#.#
#.........#.# #........#.#
#.>.......#.# #........#.#
#.........#.# #........#.#
#........[#.# #........#.#
##..÷......#.###........#.#
..'........B'.##...........#
.##.......g@####........####
#....).)....# #........# #
#...........###........# #
#...........#...######## #
#.#########.#.### # #. #.#.#
# #.#.#############
######.#[.............
.....†...##############


You could see a gnoll (confused) and a giant cockroach (confused).

Vanquished Creatures
  A dart slug (D:1)
  3 endoplasms (D:1)
  A goblin (D:1)
  5 hobgoblins (D:1)
  2 jackals (D:1)
  A kobold (D:1)
  2 quokkas (D:1)
  3 ball pythons (D:1)
  A bat (D:1)
  3 frilled lizards (D:1)
  3 rats (D:1)
25 creatures vanquished.

Notes
Turn   | Place    | Note
-------+----------+-------------------------------------------
     0 | D:1      | pokeman the Deep Elf Hedge Wizard began the quest for the
                  | Orb.
     0 | D:1      | Reached XP level 1. HP: 10/10 MP: 7/7
   458 | D:1      | Reached XP level 2. HP: 16/16 MP: 3/9
   980 | D:1      | Reached skill level 5 in Spellcasting
  1185 | D:1      | Reached XP level 3. HP: 20/20 MP: 5/11
  1189 | D:1      | Learned a level 3 spell: Mephitic Cloud
  1192 | D:1      | Learned a level 2 spell: Call Imp
  1195 | D:1      | Learned a level 2 spell: Blink
  1367 | D:1      | Slain by a gnoll

Illustrated notes

Levels and vault maps discovered:
D:1:      ncdulo_smallfort, layout_basic

Skill      XL: |  1  2 |
---------------+-------+-----
Spellcasting   | 5 |  5.1
Fighting       | |  0.7
Armour         | |  0.7
Dodging        | |  2.4
Stealth        | |  2.4
Conjurations   | |  1.7
Summonings     | |  1.1
Translocations | |  1.1

Action                     || total
---------------------------++-------
  Melee: Dagger            ||    11
         Punch             ||     1
   Cast: Magic Dart        ||    81
         Mephitic Cloud    ||     1
   Stab: Confused          ||     4
 Armour: Robe              ||     6
  Dodge: Dodged            ||    21

Table legend: (Time is in decaauts)
 A = Elapsed time spent in this place.
 B = Non-inter-level travel time spent in this place.
 C = Inter-level travel time spent in this place.
 D = Time resting spent in this place.
 E = Time spent auto-exploring this place.
 F = Levels seen in this place.
 G = Mean time per level.
                   A        B        C        D        E       F      G
               +--------+--------+--------+--------+--------+-----+--------+
         Total |   1367 |   1367 |      0 |     42 |   1145 |   1 | 1367.0 |
       Dungeon |   1367 |   1367 |      0 |     42 |   1145 |   1 | 1367.0 |
               +--------+--------+--------+--------+--------+-----+--------+

Top non-repeatable levels by time:
     D:1: 1367 daAuts
